AoeStats
← 鄙人張麻子

Highland

505033276Analyzed
4v4 RM · 26d ago on Sep 7, 2026· 59m 3s· 8 players
Game mode
Random Map
Map size
Large (8 player)
Population
200
Speed
Normal
Resources
Standard
Victory
Conquest
Starting age
Dark Age
Ending age
Imperial Age
RankedLock teamsTeams togetherTeam positionsShared explorationLock speedFull tech treeHidden civsTurbo modeCheats
Victory
Defeat
🇱🇻 Teutons · Latvia
1256
+14
🇹🇼 Huns · Taiwan
1234
+15
🇹🇼 Vikings · Taiwan
1196
+16
🇨🇳 Ethiopians · China
1174
+17
🇹🇷 Magyars · Türkiye
1260
-17
🇩🇪 Lithuanians · Germany
1239
-17
🇫🇷 Khmer · France
1235
-17
🇷🇴 Bengalis · Romania
1083
-11
Szorinx
10:46 Feudal Age
10:53 Loom
15:51 Castle Age
14:08 Double-Bit Axe
14:11 Horse Collar
22:28 Wheelbarrow
23:41 Scale Barding Armor
23:47 Forging
25:52 Bow Saw
26:05 Hand Cart
26:35 Gold Mining
26:35 Stone Mining
26:49 Heavy Plow
29:56 Imperial Age
28:15 Stone Shaft Mining
28:34 Chain Barding Armor
28:28 Forging
28:39 Bloodlines
28:36 Husbandry
30:34 Cavalier
31:54 Plate Barding Armor
31:17 Town Watch
32:18 Iron Casting
32:54 Masonry
33:10 Conscription
32:47 Paladin
35:47 Two-Man Saw
36:14 Fletching
36:49 Elite Leitis
38:29 Crop Rotation
40:52 Architecture
40:43 Ballistics
40:18 Murder Holes
45:05 Herbal Medicine
48:34 Hoardings
49:26 Chemistry
48:07 Treadmill Crane
50:24 Bodkin Arrow
51:10 Bracer
54:36 Light Cavalry
55:30 Scale Mail Armor
55:30 Padded Archer Armor
55:37 Tower Shields
55:25 Winged Hussar
55:32 Pikeman
56:13 Squires
57:14 Halberdier
58:11 Chain Mail Armor
58:12 Leather Archer Armor
Taurtillas
8:30 Loom
11:01 Feudal Age
17:07 Castle Age
15:52 Double-Bit Axe
24:55 Horse Collar
32:53 Imperial Age
30:50 Bow Saw
31:36 Wheelbarrow
31:58 Ballistics
33:01 Gold Mining
34:00 Double Crossbow
33:54 Light Cavalry
35:56 Chemistry
36:44 Hussar
39:00 Bloodlines
Nghtly
7:54 Loom
12:06 Feudal Age
16:41 Castle Age
15:15 Double-Bit Axe
15:27 Horse Collar
31:21 Imperial Age
28:37 Town Watch
29:49 Wheelbarrow
30:24 Corvinian Army
30:52 Ballistics
30:24 Fletching
30:33 Pikeman
31:00 Arson
31:22 Thumb Ring
33:40 Chemistry
32:56 Gold Mining
32:57 Stone Mining
33:33 Halberdier
34:40 Conscription
34:27 Scale Mail Armor
35:28 Bow Saw
35:43 Chain Mail Armor
36:03 Heavy Cavalry Archer
37:39 Parthian Tactics
38:05 Recurve Bow
38:09 Bodkin Arrow
38:15 Padded Archer Armor
39:21 Gold Shaft Mining
39:04 Caravan
39:08 Bracer
39:09 Padded Archer Armor
39:12 Corvinian Army
41:21 Leather Archer Armor
43:36 Ring Archer Armor
Azazel
11:07 Feudal Age
24:10 Castle Age
22:26 Double-Bit Axe
22:34 Gold Mining
23:49 Horse Collar
26:04 Bow Saw
28:02 Wheelbarrow
27:37 Heavy Plow
31:53 Hand Cart
38:36 Imperial Age
37:28 Padded Archer Armor
37:19 Fletching
38:12 Gold Shaft Mining
38:57 Ballistics
39:14 Leather Archer Armor
38:55 Bodkin Arrow
39:26 Elite Elephant Archer
42:38 Ring Archer Armor
44:36 Paiks
45:00 Onager
46:20 Conscription
47:11 Chemistry
49:39 Elite Skirmisher
51:54 Two-Man Saw
58:11 Bracer
Duke Of Sudan
3:54 Loom
11:38 Feudal Age
12:01 Horse Collar
12:14 Double-Bit Axe
19:01 Castle Age
19:37 Wheelbarrow
20:48 Heavy Plow
21:42 Bow Saw
23:17 Pikeman
26:12 Hand Cart
27:46 Town Watch
28:27 Bloodlines
29:28 Scale Barding Armor
29:23 Scale Mail Armor
29:34 Forging
29:33 Stone Mining
29:36 Gold Mining
34:03 Imperial Age
31:58 Chain Barding Armor
31:54 Chain Mail Armor
32:17 Iron Casting
34:31 Caravan
34:07 Cavalier
35:10 Conscription
35:30 Plate Barding Armor
35:56 Blast Furnace
36:11 Crop Rotation
36:29 Paladin
44:51 Halberdier
45:32 Squires
45:54 Chain Mail Armor
47:09 Plate Mail Armor
48:09 Two-Man Saw
鄙人張麻子
11:06 Feudal Age
14:57 Castle Age
13:13 Double-Bit Axe
14:00 Fletching
16:12 Bow Saw
17:08 Town Watch
17:40 Bodkin Arrow
18:31 Fishing Lines
21:10 Gillnets
23:13 Loom
23:30 Town Patrol
28:31 Imperial Age
26:31 Medium Warships
26:36 Careening
26:56 Ballistics
26:36 Gold Mining
27:23 Padded Archer Armor
27:25 Scale Mail Armor
27:36 Forging
27:21 Stone Mining
29:01 Padded Archer Armor
29:18 Chain Mail Armor
29:39 Iron Casting
28:55 Elite Longship
32:20 Chemistry
31:30 Siege Engineers
31:11 Horse Collar
32:15 Heavy Warships
32:45 Bracer
33:16 Plate Mail Armor
33:47 Blast Furnace
33:10 Pikeman
33:50 Squires
33:37 Gambesons
35:06 Dry Dock
34:17 Man-at-Arms
35:37 Town Patrol
35:49 Caravan
35:46 Long Swordsman
36:18 Arson
36:31 Two-Handed Swordsman
37:51 Champion
40:45 Conscription
41:35 Gold Shaft Mining
43:09 Coinage
43:18 Treadmill Crane
43:48 Masonry
44:56 Padded Archer Armor
46:07 Hoardings
46:31 Banking
47:11 Chieftains
47:12 Bogsveigar
54:04 Two-Man Saw
AB8
4:52 Loom
11:13 Feudal Age
15:55 Castle Age
14:07 Double-Bit Axe
14:09 Horse Collar
15:30 Bloodlines
16:15 Scale Barding Armor
22:45 Forging
24:10 Wheelbarrow
24:11 Bow Saw
25:56 Heavy Plow
26:33 Hand Cart
29:14 Fletching
29:27 Husbandry
30:05 Bodkin Arrow
30:43 Padded Archer Armor
33:39 Imperial Age
31:45 Leather Archer Armor
32:18 Chain Barding Armor
32:34 Iron Casting
32:07 Thumb Ring
33:06 Ballistics
32:57 Masonry
32:45 Gold Mining
32:46 Stone Mining
33:25 Murder Holes
34:47 Conscription
35:02 Parthian Tactics
34:39 Bracer
36:55 Chemistry
35:27 Heavy Cavalry Archer
38:32 Plate Barding Armor
38:59 Blast Furnace
39:13 Gold Shaft Mining
41:38 Elite Skirmisher
44:41 Caravan
50:59 Light Cavalry
51:41 Hussar
58:42 Capped Ram
Salkeliet
6:20 Loom
9:13 Feudal Age
9:50 Double-Bit Axe
13:10 Wheelbarrow
12:18 Horse Collar
13:59 Fletching
23:21 Castle Age
21:14 Gold Mining
21:18 Stone Mining
21:29 Padded Archer Armor
24:16 Bow Saw
25:11 Gold Shaft Mining
26:49 Ballistics
29:20 Imperial Age
27:18 Bodkin Arrow
27:16 Crossbowman
29:04 Thumb Ring
30:34 Bracer
31:56 Chemistry
32:08 Leather Archer Armor
36:09 Ring Archer Armor
36:24 Siege Engineers
36:52 Torsion Engines
37:11 Arbalester
38:07 Fortified Wall
40:53 Conscription
44:21 Hand Cart
47:12 Two-Man Saw
46:54 Caravan
53:40 Stone Shaft Mining
54:50 Murder Holes
55:06 Masonry
55:55 Scale Mail Armor
56:05 Forging
56:03 Heavy Plow
57:07 Town Watch
57:50 Squires
57:35 Arson
57:13 Elite Shotel Warrior
Connection lost

Rejoining the realm…

Still unreachable

The connection could not be restored.

Session expired

The server has moved on; the page needs a fresh start.